 Dungeon Crawl Stone Soup version 0.29.0-4-gdea44cf6ec (webtiles) character file.

Game seed: 10963978767272027121

2530 tizbic2 the Spear-Bearer (level 9, -7/50 HPs)
             Began as a Vine Stalker Monk on Aug 27, 2022.
             Was a High Priest of Trog.
             Mangled by an orc warrior
             ... wielding a +0 glaive
              (13 damage)
             ... on level 7 of the Dungeon.
             The game lasted 00:34:16 (5749 turns).

tizbic2 the Spear-Bearer (Vine Stalker Monk)        Turns: 5749, Time: 00:34:17

Health: -7/50      AC: 18    Str: 21    XL:     9   Next: 54%
Magic:  0/11       EV:  8    Int:  7    God:    Trog [*****.]
Gold:   286        SH:  0    Dex: 17    Spells: 9/9 levels left

rFire   . . .      SeeInvis +   a - +5 spear of tizbic2's Death {venom, SInv}
rCold   + . .      Faith    .   (no shield)
rNeg    . . .      Spirit   +   c - +0 chain mail
rPois   .          Reflect  .   (no helmet)
rElec   .          Harm     +   j - +0 cloak of the Winnowing Gods {rC+ Will+}
rCorr   .          Rampage  .   y - +3 Mad Mage's Maulers {Infuse+∞ RegenMP Int-3}
Will    ++...      Clarity  +   z - +0 pair of boots
Stlth   ..........              u - amulet "Fulups" {RegenMP Harm rF- Str+3}
HPRegen 0.96/turn               h - +4 ring of protection
MPRegen 0.92/turn               d - ring of protection from fire

@: studying Fighting
A: fangs 3, regeneration 1, magic shield, antimagic bite, no potion heal 2,
clarity, robust 1
a: Renounce Religion, Berserk, Trog's Hand, Brothers in Arms


You were on level 7 of the Dungeon.
You worshipped Trog.
Trog was extremely pleased with you.
You visited 1 branch of the dungeon, and saw 7 of its levels.
You also visited: Sewer.

You collected 286 gold pieces.

Inventory:

Hand Weapons
 a - the +5 spear of tizbic2's Death (weapon) {venom, SInv}
   (You found it on level 2 of the Dungeon)

   It poisons the flesh of those it strikes.
   SInv:      It lets you see invisible.
 w - a +0 shortbow
Missiles
 f - 5 boomerangs
 g - 22 poisoned darts
 i - 25 stones (quivered)
 p - 3 javelins
 r - 2 atropa-tipped darts
 t - a throwing net
 C - a curare-tipped dart
Armour
 c - a +0 chain mail (worn)
 j - the +0 cloak of the Winnowing Gods (worn) {rC+ Will+}
   (You acquired it on level 1 of the Dungeon)

   rC:        It protects you from cold.
   Will:      It increases your willpower.
 y - the +3 Mad Mage's Maulers (worn) {Infuse+∞ RegenMP Int-3}
   (You acquired it on level 4 of the Dungeon)

   It empowers its wearer's blows with all of their magic.
   It causes its wearer's magical reserves to regenerate more quickly.
   Int:       It affects your intelligence (-3).
 z - a +0 pair of boots (worn)
Jewellery
 d - a ring of protection from fire (right hand)
 h - a +4 ring of protection (left hand)
 n - an amulet of reflection
 u - the amulet "Fulups" (around neck) {RegenMP Harm rF- Str+3}
   (You acquired it on level 3 of the Dungeon)

   [amulet of magic regeneration]

   It increases your rate of magic regeneration.
   Str:       It affects your strength (+3).
   rF:        It makes you vulnerable to fire.
   Harm:      It increases damage dealt and taken.
Wands
 A - a wand of roots (5)
Scrolls
 e - 2 scrolls of teleportation
 l - a scroll of blinking {unknown}
 m - a scroll of torment {unknown}
 q - 2 scrolls of fear
 s - a scroll of butterflies
 v - 2 scrolls of silence
 D - 2 scrolls of immolation {unknown}
 E - a scroll of magic mapping
 G - 2 scrolls of poison
 J - a scroll of identify
Potions
 b - a potion of ambrosia
 k - a potion of flight
 o - 5 potions of haste
 x - 3 potions of curing {unknown}
 B - a potion of resistance {unknown}
 F - a potion of attraction {unknown}
 H - 2 potions of cancellation {unknown}
 I - a potion of might {unknown}


   Skills:
 * Level 4.6 Fighting
 + Level 8.7 Polearms
 - Level 2.4 Dodging
 - Level 2.4 Stealth
 + Level 8.2 Unarmed Combat
 - Level 0.9 Spellcasting


You had 9 spell levels left.
You didn't know any spells.
Your spell library was empty.

Dungeon Overview and Level Annotations

Branches:
Dungeon (7/15)             Temple (0/1) D:6           Sewer (visited)

Altars:
Elyvilon
Nemelex Xobeh
Ru
Trog


Innate Abilities, Weirdness & Mutations

You have razor-sharp teeth.
Your natural rate of healing is unusually fast.
When hurt, damage is shared between your health and your magic reserves.
Your bite disrupts and absorbs the magic of your enemies.
Potions cannot restore your health.
You possess an exceptional clarity of mind.
You are robust. (+10% HP)


Message History

Press: ? - help, Dir - move target, f/p - orc warrior
Aim: an orc warrior, wielding a +0 glaive and wearing a +0 plate armour (heavily wounded, very poisoned, about 28% to evade the +5 spear of tizbic2's Death)
You reach to attack!
You closely miss the orc warrior.
The orc warrior is heavily wounded.
Reach: a) +5 spear of tizbic2's Death {venom, SInv}
Press: ? - help, Dir - move target, f/p - orc warrior
Aim: an orc warrior, wielding a +0 glaive and wearing a +0 plate armour (heavily wounded, very poisoned, about 28% to evade the +5 spear of tizbic2's Death)
You reach to attack!
You hit the orc warrior but do no damage.
The orc warrior looks as sick as possible!
The orc warrior is heavily wounded.
The orc warrior hits you but does no damage.
Reach: a) +5 spear of tizbic2's Death {venom, SInv}
Press: ? - help, Dir - move target, f/p - orc warrior
Aim: an orc warrior, wielding a +0 glaive and wearing a +0 plate armour (heavily wounded, extremely poisoned, about 28% to evade the +5 spear of tizbic2's Death)
You reach to attack!
You hit the orc warrior.
The orc warrior looks as sick as possible!
The orc warrior is severely wounded.
The orc warrior hits you from afar with a +0 glaive!
Reach: a) +5 spear of tizbic2's Death {venom, SInv}
Press: ? - help, Dir - move target, f/p - orc warrior
Aim: an orc warrior, wielding a +0 glaive and wearing a +0 plate armour (severely wounded, extremely poisoned, about 28% to evade the +5 spear of tizbic2's Death)
You reach to attack!
You hit the orc warrior but do no damage.
The orc warrior looks as sick as possible!
The orc warrior is severely wounded.
The orc warrior hits you from afar with a +0 glaive!
The orc wizard mumbles some strange words.
The orc wizard flickers and vanishes for a moment.
The orc priest calls upon Beogh to heal the orc warrior.
The orc warrior is healed somewhat.
The orc priest calls down the wrath of Beogh upon you.
Beogh smites you!
* * * LOW HITPOINT WARNING * * *
The orc warrior hits you from afar with a +0 glaive.
* * * LOW HITPOINT WARNING * * *
As you read the scroll of butterflies, it crumbles to dust.
You hear the tinkle of a tiny bell.
The orc warrior hits you from afar with a +0 glaive!
You die... ##.# #..#########..#...## #.# #.......# #........ ##'###..####.# #)$..o..# .....'..# # #o##....# ##'###..# .# #o# oo.

#.# #..####.#
#o# . ##.#
#...#... #o#
...#
#...#.######b#
####
#........bb@b#
#......#######
######......#
............#
.....+......#
.....##.....#
.....##.....#
.....########
.....#


You could see an orc warrior (extremely poisoned, ally target), an orc priest,
an orc wizard (invisible) and an orc.

Vanquished Creatures
  The ghost of gelatine the Chopper, a novice PaFi of Fedhas (D:5)
  Prince Ribbit (D:7)
  Sigmund (D:6)
  Duvessa (D:5)
  A water moccasin (D:7)
  3 black bears
  An ogre (D:5)
  A centaur (D:7)
  A phantom (D:6)
  2 kobold brigands
  A bullfrog (D:6)
  A necrophage (D:4)
  Dowan (D:5)
  3 orc priests (D:4)
  A hound (D:5)
  5 jellies
  Crazy Yiuf (D:2)
  Jessica (D:2)
  3 iguanas
  3 orc wizards
  5 gnolls
  7 adders
  A shadow imp (D:6)
  A white imp (D:7)
  2 ufetubi
  2 worms
  3 dart slugs
  12 orcs
  3 bats
  6 endoplasms
  9 giant cockroaches
  4 goblins
  8 hobgoblins
  7 quokkas
  4 ball pythons
  13 frilled lizards
  12 kobolds
  8 rats
140 creatures vanquished.

Vanquished Creatures (others)
  A fungus (D:2)
  12 plants (D:3)
13 creatures vanquished.

Grand Total: 153 creatures vanquished

Notes
Turn   | Place    | Note
-------+----------+-------------------------------------------
     0 | D:1      | tizbic2 the Vine Stalker Monk began the quest for the Orb.
     0 | D:1      | Reached XP level 1. HP: 11/11 MP: 2/2
    49 | D:1      | Reached XP level 2. HP: 9/16 MP: 1/4
   236 | D:1      | Found a faded altar of an unknown god.
   239 | D:1      | Prayed at the altar of an unknown god.
   239 | D:1      | Became a worshipper of Trog the Wrathful
   239 | D:1      | Reached * piety under Trog
   239 | D:1      | Reached ** piety under Trog
   669 | D:1      | Identified a scroll of acquirement
   712 | D:1      | Acquired a +4 ring of protection
   831 | D:1      | Reached *** piety under Trog
   916 | D:1      | Acquired the +0 cloak of the Winnowing Gods {rC+ Will+}
  1348 | D:2      | Reached XP level 3. HP: 19/19 MP: 5/5
  1380 | D:2      | Gained mutation: You possess an exceptional clarity of
                  | mind. [potion of mutation]
  1380 | D:2      | Gained mutation: You are robust. (+10% HP) [potion of
                  | mutation]
  1444 | D:2      | Noticed Jessica
  1453 | D:2      | Killed Jessica
  1702 | D:2      | Identified the +5 spear of tizbic2's Death {venom, SInv}
  2047 | D:2      | Found a runed translucent door.
  2048 | D:2      | Noticed Crazy Yiuf
  2055 | D:2      | Killed Crazy Yiuf
  2056 | D:2      | Reached skill level 1 in Polearms
  2056 | D:2      | Gained mutation: Your natural rate of healing is unusually
                  | fast. [Vine Stalker growth]
  2056 | D:2      | Reached XP level 4. HP: 9/25 MP: 1/6
  2419 | D:3      | Found a sacrificial altar of Ru.
  2704 | D:3      | Found a white marble altar of Elyvilon.
  2718 | D:3      | Reached XP level 5. HP: 30/30 MP: 7/7
  2750 | D:3      | Acquired the amulet "Fulups" {RegenMP Harm rF- Str+3}
  2880 | D:3      | Found a sparkling altar of Nemelex Xobeh.
  3176 | D:4      | Noticed a black bear
  3187 | D:4      | Killed a black bear
  3188 | D:4      | Reached skill level 5 in Unarmed Combat
  3188 | D:4      | Reached XP level 6. HP: 35/35 MP: 8/8
  3210 | D:4      | HP: 1/35 [orc priest/divine providence (10)]
  3337 | D:4      | Reached XP level 7. HP: 24/38 MP: 9/9
  3337 | D:4      | Reached **** piety under Trog
  4037 | D:5      | Entered Level 5 of the Dungeon
  4152 | D:5      | Reached skill level 5 in Polearms
  4158 | D:5      | Found a runed translucent door.
  4162 | D:5      | Noticed gelatine's ghost (novice PaFi)
  4181 | D:5      | Killed gelatine's ghost
  4182 | D:5      | Gained mutation: You have razor-sharp teeth. [Vine Stalker
                  | growth]
  4182 | D:5      | Reached XP level 8. HP: 23/42 MP: 6/10
  4285 | D:5      | Noticed Dowan
  4290 | D:5      | Noticed Duvessa
  4340 | D:4      | Acquired the +3 Mad Mage's Maulers {Infuse+∞ RegenMP Int-3}
  4340 | D:4      | Found the +3 Mad Mage's Maulers {Infuse+∞ RegenMP Int-3}
  4491 | D:5      | Killed Duvessa
  4496 | D:5      | Killed Dowan
  4727 | D:6      | Reached XP level 9. HP: 47/47 MP: 1/11
  4779 | D:6      | Reached ***** piety under Trog
  4806 | D:6      | Found a staircase to the Ecumenical Temple.
  4911 | D:6      | Noticed Sigmund
  4916 | D:6      | Killed Sigmund
  4946 | D:6      | Found a glowing drain.
  4962 | Sewer    | Entered a sewer
  5346 | D:6      | Acquired a manual of Fighting
  5466 | D:7      | Noticed Prince Ribbit
  5469 | D:7      | Killed Prince Ribbit
  5749 | D:7      | Mangled by an orc warrior

Illustrated notes

Levels and vault maps discovered:
D:1:      reono_arrival_forest_river, layout_basic,
          hellmonk_ecumenical_altar_defaced_shrine, minmay_lizard_pond
D:2:      layout_basic, supply_closet_lemuel, uniq_crazy_yiuf_cottage,
          uniq_jessica
D:3:      wad_woods_stonehenge, layout_basic, mainiacjoe_overflow_brackets,
          nemelex_diamond_rough_becter, solitary_fountain, nrook_loot_triangle,
          minivault_25
D:4:      layout_loops_corners
D:5:      layout_rooms, gammafunk_ghost_grave, st_stairs_12, uniq_duvessa
D:6:      layout_rooms, minmay_temple_entry_tees, portal_sewer_entry_f,
          uniq_sigmund
D:7:      minmay_chambers_of_fours, layout_basic, nicolae_zen_rock_garden,
          minmay_door_square, uniq_joseph, uniq_prince_ribbit1

Skill      XL: |  1  2  3  4  5  6  7  8  9 |
---------------+----------------------------+-----
Unarmed Combat | 4 5 6 7 8 |  8.2
Polearms       | 1 2 3 4 6 7 8 |  8.7
Fighting       | 4 |  4.6
Dodging        | |  2.4
Stealth        | |  2.4
Spellcasting   | |  0.9

Action                   |  1- 3 |  4- 6 |  7- 9 || total
-------------------------+-------+-------+-------++-------
Melee: Unarmed           |    64 |       |       ||    64
       Bite              |    17 |    26 |    39 ||    82
       Punch             |     3 |     2 |    10 ||    15
       Spear             |     7 |    57 |   180 ||   244
       Quarterstaff      |       |    27 |       ||    27
 Fire: Sling             |       |     8 |     2 ||    10
Throw: Stone             |     3 |     3 |    11 ||    17
       Boomerang         |     2 |    14 |       ||    16
       Dart              |       |       |     1 ||     1
Invok: Berserk           |     1 |       |     1 ||     2
  Use: Scroll            |     8 |     8 |     7 ||    23
       Potion            |     1 |       |       ||     1
 Stab: Sleeping          |     1 |       |       ||     1
Armor: Robe              |     2 |       |       ||     2
       Leather armour    |     9 |       |       ||     9
       Chain mail        |     3 |    45 |    84 ||   132
Dodge: Dodged            |    30 |    24 |    68 ||   122
